 Dungeon Crawl Stone Soup version 0.28.0-45-g0d030f2227 (webtiles) character file.

Game seed: 3751950981670711922

2832 bobregger the Basher (level 9, -5/126 HPs)
             Began as an Ogre Berserker on Apr 22, 2022.
             Was an Elder of Trog.
             Slain by a seven-headed hydra (14 damage)
             ... on level 6 of the Dungeon.
             The game lasted 00:12:21 (9735 turns).

bobregger the Basher (Ogre Berserker)               Turns: 9735, Time: 00:12:22

Health: -5/126     AC:  6    Str: 25 (27) XL:     9   Next: 73%
Magic:  9/9        EV: 14    Int:  6 (8)  God:    Trog [****..]
Gold:   339        SH:  0    Dex: 14      Spells: 8/8 levels left

rFire   . . .      SeeInvis .   f - +1 whip (elec)
rCold   . . .      Faith    .   (no shield)
rNeg    . . .      Spirit   .   b - +0 animal skin
rPois   .          Reflect  .   (helmet restricted)
rElec   .          Harm     .   k - +2 cloak
rCorr   .          Rampage  .   (gloves unavailable)
Will    .....                   (boots unavailable)
Stlth   ..........              (no amulet)
HPRegen 0.31/turn               o - +6 ring of dexterity
MPRegen 0.11/turn               t - +4 ring of evasion

@: berserking, very quick
A: large, unfitting armour, tough skin 1
a: Renounce Religion, Berserk, Trog's Hand, Brothers in Arms


You were on level 6 of the Dungeon.
You worshipped Trog.
Trog was greatly pleased with you.
You visited 1 branch of the dungeon, and saw 7 of its levels.
You also visited: Ossuary.

You collected 339 gold pieces.

Inventory:

Hand Weapons
 a - a +0 mace
 f - a +1 whip of electrocution (weapon)
 p - a +0 giant spiked club
Armour
 b - a +0 animal skin (worn)
 k - a +2 cloak (worn)
Jewellery
 j - a ring of protection from fire
 o - a +6 ring of dexterity (left hand)
 q - a ring of flight
 t - a +4 ring of evasion (right hand)
Wands
 e - a wand of flame (18)
 i - a wand of mindburst (8)
 u - a wand of digging (6)
Scrolls
 h - a scroll of blinking
 n - 2 scrolls of silence
 v - 2 scrolls of teleportation
Potions
 c - 2 potions of cancellation
 d - 2 potions of resistance
 g - a potion of heal wounds
 l - 3 potions of curing
 r - a potion of lignification


   Skills:
 - Level 4.0 Fighting
 * Level 12.2 Maces & Flails
 - Level 2.6 Dodging


You had 8 spell levels left.
You didn't know any spells.
Your spell library was empty.

Dungeon Overview and Level Annotations

Branches:
Dungeon (7/15)             Temple (0/1) D:4         Ossuary (visited)

Altars:
Ashenzari
Makhleb
Nemelex Xobeh
Sif Muna
Zin
The Shining One

Shops:
D:1 !


Innate Abilities, Weirdness & Mutations

You are too large for most types of armour.
You have tough skin. (AC +1)


Message History

There is a stone staircase leading down here.
A red film seems to cover your vision as you go berserk!
You feel yourself moving faster!
You feel mighty!
The seven-headed hydra closely misses you.
The seven-headed hydra bites you!
* * * LOW HITPOINT WARNING * * *
The seven-headed hydra bites you.
* * * LOW HITPOINT WARNING * * *
The seven-headed hydra misses you.
The seven-headed hydra completely misses you.
The seven-headed hydra closely misses you.
The seven-headed hydra bites you.
* * * LOW HITPOINT WARNING * * *
You whack the seven-headed hydra!
The seven-headed hydra is lightly wounded.
You hit the seven-headed hydra.
The seven-headed hydra is lightly wounded.
You hit the seven-headed hydra.
The seven-headed hydra is lightly wounded.
The seven-headed hydra barely misses you.
The seven-headed hydra closely misses you.
The seven-headed hydra barely misses you.
The seven-headed hydra bites you but does no damage.
The seven-headed hydra closely misses you. x2
The seven-headed hydra misses you.
You whack the seven-headed hydra!
The seven-headed hydra is moderately wounded.
You whack the seven-headed hydra!
The seven-headed hydra is heavily wounded.
You whack the seven-headed hydra!
The seven-headed hydra is severely wounded.
The seven-headed hydra closely misses you.
The seven-headed hydra bites you.
* * * LOW HITPOINT WARNING * * *
The seven-headed hydra bites you!
* * * LOW HITPOINT WARNING * * *
The seven-headed hydra bites you but does no damage.
The seven-headed hydra barely misses you.
The seven-headed hydra bites you!
You die...

###...##.#....#....[.##..........
###..)........#.............###..
.##...###....###..............#..
..##..###....##............#.....
...##.#............<.......##.###
...##..........###.....#..#.#..##
....#...........##........#......
....##..........#<...............
....##..........@..#......#......
....#..........D...####..###.....
....#........##....###..###......
...##.###....#..........#........
...##.##........#.##.#...........
..##..........###.#..###.........
.##.#.........#.....##..........#
##.................###...^.......
#...................#............


You could see a seven-headed hydra.

Vanquished Creatures
  Prince Ribbit (D:5)
  Sigmund (D:5)
  A steam dragon (D:7)
  Edmund (D:5)
  2 water moccasins
  An orc warrior (D:7)
  A sky beast (D:5)
  2 ogres
  A phantom (D:7)
  2 kobold brigands (D:5)
  Blork the orc (D:4)
  3 elf zombies (Ossuary)
  A wyvern zombie (D:5)
  2 scorpions
  2 howler monkeys (D:5)
  A vampire bat (D:3)
  A centaur zombie (Ossuary)
  3 human zombies (Ossuary)
  2 centaur skeletons
  3 hounds
  An orc priest (D:7)
  A gnoll shaman (D:6)
  3 jellies
  Crazy Yiuf (D:2)
  Ijyb (D:5)
  3 orc wizards
  2 mummies (Ossuary)
  Robin (D:3)
  6 gnolls
  4 adders
  A white imp (D:6)
  An ufetubus (D:4)
  A dart slug (D:1)
  3 fire bats (D:3)
  11 orcs
  2 spectral bats (D:3)
  5 ball pythons
  3 bat skeletons (D:3)
  A bat zombie (D:3)
  An endoplasm (D:4)
  2 giant cockroaches
  14 hobgoblins
  3 jackals (D:1)
  5 quokkas
  18 bats
  A bat simulacrum (D:3)
  2 frilled lizards
  12 goblins
  A goblin zombie (Ossuary)
  10 hobgoblin zombies (Ossuary)
  13 kobolds
  13 kobold zombies (Ossuary)
  4 orc zombies (Ossuary)
  8 rats
  A rat zombie (Ossuary)
191 creatures vanquished.

Vanquished Creatures (others)
  2 plants (D:5)
2 creatures vanquished.

Grand Total: 193 creatures vanquished

Notes
Turn   | Place    | Note
-------+----------+-------------------------------------------
     0 | D:1      | bobregger the Ogre Berserker began the quest for the Orb.
     0 | D:1      | Reached XP level 1. HP: 24/24 MP: 1/1
   184 | D:1      | Reached skill level 3 in Maces & Flails
   227 | D:1      | Reached XP level 2. HP: 14/32 MP: 2/2
   784 | D:1      | Reached XP level 3. HP: 20/39 MP: 3/3
  1280 | D:1      | Found Watz's Distillery.
  1423 | D:1      | Reached skill level 4 in Maces & Flails
  1453 | D:1      | Reached ** piety under Trog
  2047 | D:2      | Reached XP level 4. HP: 48/48 MP: 4/4
  2329 | D:2      | Found a burning altar of Makhleb.
  2459 | D:2      | Found a runed translucent door.
  2460 | D:2      | Noticed Crazy Yiuf
  2831 | D:2      | Killed Crazy Yiuf
  2924 | D:3      | Noticed Robin
  2937 | D:3      | Killed Robin
  2938 | D:3      | Reached skill level 5 in Maces & Flails
  2938 | D:3      | Reached XP level 5. HP: 54/54 MP: 5/5
  3706 | D:3      | Reached skill level 6 in Maces & Flails
  3706 | D:3      | Reached XP level 6. HP: 61/62 MP: 6/6
  3889 | D:3      | Reached *** piety under Trog
  3988 | D:3      | Found a faded altar of an unknown god.
  4279 | D:4      | Found a sparkling altar of Nemelex Xobeh.
  4329 | D:4      | Found a staircase to the Ecumenical Temple.
  4392 | D:4      | Noticed Blork the orc
  4400 | D:4      | Killed Blork the orc
  4440 | D:4      | Reached skill level 7 in Maces & Flails
  4440 | D:4      | Reached XP level 7. HP: 70/70 MP: 7/7
  4732 | D:4      | Found a sand-covered staircase.
  4737 | Ossuary  | Entered an ossuary
  4965 | Ossuary  | Reached skill level 8 in Maces & Flails
  4966 | Ossuary  | Reached **** piety under Trog
  4992 | Ossuary  | Reached XP level 8. HP: 10/78 MP: 8/8
  5829 | D:5      | Entered Level 5 of the Dungeon
  5960 | D:5      | Reached skill level 9 in Maces & Flails
  6092 | D:5      | Noticed Ijyb
  6099 | D:5      | Killed Ijyb
  6262 | D:5      | Noticed Prince Ribbit
  6290 | D:5      | Killed Prince Ribbit
  6291 | D:5      | Reached skill level 10 in Maces & Flails
  6816 | D:5      | Noticed Sigmund
  6837 | D:5      | Killed Sigmund
  6838 | D:5      | Reached XP level 9. HP: 84/84 MP: 9/9
  7233 | D:5      | Noticed Edmund
  7254 | D:5      | Killed Edmund
  7255 | D:5      | Reached skill level 11 in Maces & Flails
  7949 | D:6      | Found a broken altar of Ashenzari.
  8059 | D:6      | Found a shimmering blue altar of Sif Muna.
  8059 | D:6      | Found a glowing golden altar of the Shining One.
  8067 | D:6      | Found a faded altar of an unknown god.
  8069 | D:6      | Found a faded altar of an unknown god.
  8071 | D:6      | Found a glowing silver altar of Zin.
  8513 | D:6      | Found a burning altar of Makhleb.
  9532 | D:7      | Reached skill level 12 in Maces & Flails
  9670 | D:7      | Noticed a seven-headed hydra
  9670 | D:7      | Noticed a kobold demonologist
  9673 | D:7      | Noticed an eight-headed hydra
  9735 | D:6      | Slain by a seven-headed hydra

Illustrated notes

Levels and vault maps discovered:
D:1:      dpeg_arrival_round_b, layout_basic, serial_shops, shop,
          dk_noncrumbling_3
D:2:      minmay_evil_eye, layout_basic, basic_altar, serial_rivers,
          chequers_serial_rivers_small_a, chequers_serial_rivers_micro_b,
          chequers_serial_rivers_micro_a, chequers_serial_rivers_room_a,
          chequers_serial_rivers_micro_c, minmay_misc_feat_chi,
          uniq_crazy_yiuf_cottage
D:3:      layout_basic, hellmonk_ecumenical_altar_inner_sanctum, goddamned_bats,
          uniq_robin
D:4:      layout_basic, nemelex_diamond_rough_becter,
          minmay_temple_entry_large_hall, nicolae_ossuary_entry_plus,
          uniq_blork_the_orc
D:5:      cheibrodos_thug_alley, layout_basic, sigmund_edmund_badplayer,
          uniq_ijyb, uniq_sigmund, uniq_prince_ribbit1
D:6:      layout_cave_pools, makhleb_heckhound_becter,
          nicolae_ashenzari_panopticon, chequers_temple_overflow_minitemple,
          kennysheep_donut, chequers_arboretum
D:7:      layout_rooms, marbit_many_paths, kennysheep_mini,
          minmay_chambers_of_fives

Skill      XL: |  1  2  3  4  5  6  7  8  9 |
---------------+----------------------------+-----
Maces & Flails | 3 4 5 6 7 8 10 12 | 12.2
Fighting       | |  4.0
Dodging        | |  2.6

Action                   |  1- 3 |  4- 6 |  7- 9 || total
-------------------------+-------+-------+-------++-------
Melee: Mace              |    94 |   202 |   168 ||   464
       Punch             |     1 |       |     5 ||     6
       Whip              |       |       |   287 ||   287
Invok: Berserk           |     3 |     6 |     9 ||    18
  Use: Potion            |       |       |    10 ||    10
       Scroll            |       |       |     9 ||     9
 Stab: Sleeping          |       |       |     1 ||     1
Armor: Animal skin       |    34 |   177 |   145 ||   356
Dodge: Dodged            |    82 |   213 |   226 ||   521
